 Dungeon Sprint DCSS version 0.31-a0-1-g4198be8af4 (webtiles) character file.

Game seed: 14110194972580150969

753 123456 the Fighter (level 7, -10/77 HPs)
             Began as a Minotaur Fighter on May 2, 2023.
             Was an Initiate of Gozag.
             Mangled by a shadow (16 damage)
             ... in the Dungeon (Sprint IX: "|||||||||||||||||||||||||||||").
             The game lasted 00:01:04 (261 turns).

123456 the Fighter (Minotaur Fighter)                Turns: 261, Time: 00:01:05

Health: -10/77     AC: 14    Str: 22    XL:     7   Next: 49%
Magic:  6/6        EV: 12    Int:  5    God:    Gozag
Gold:   0          SH:  4    Dex: 10    Spells: 6/6 levels left

rFire   . . .        n - +2 morningstar (heavy)
rCold   . . .        c - +0 buckler
rNeg    . . .        a - +1 chain mail
rPois   .            (helmet restricted)
rElec   .            (no cloak)
rCorr   .            (no gloves)
SInv    .            (no boots)
Will    .....        (no amulet) Stlth
                     o - +2 ring of protection
HPRegen 0.32/turn    p - +2 ring of evasion
MPRegen 0.10/turn

%: no teleportation
@: no status effects
A: horns 2, retaliatory headbutt
a: Renounce Religion, Potion Petition, Call Merchant, Bribe Branch


You were in the Dungeon.
You worshipped Gozag.
Gozag was noncommittal.
You visited 1 branch

Inventory:

Hand Weapons
 n - a +2 heavy morningstar (weapon)
Armour
 a - a +1 chain mail (worn)
 c - a +0 buckler (worn)
Jewellery
 o - a +2 ring of protection (left hand)
 p - a +2 ring of evasion (right hand)
Wands
 m - a wand of acid (10)
Scrolls
 j - 2 scrolls of blinking
 l - 2 scrolls of amnesia
Potions
 d - a potion of might
 e - 5 potions of curing
 f - 3 potions of heal wounds
 g - a potion of haste
 h - 4 potions of magic
 i - a potion of berserk rage
 k - a potion of invisibility


   Skills:
 * Level 12.0 Fighting
 * Level 11.6 Maces & Flails
 + Level 8.8 Armour
 + Level 7.2 Dodging
 - Level 3.6 Shields


You had 6 spell levels left.
You didn't know any spells.
Your spell library was empty.

Dungeon Overview and Level Annotations

Branches:
Dungeon (1/1)

Altars:
Cheibriados
Dithmenos
Elyvilon
Fedhas
Gozag
Hepliaklqana
Kikubaaqudgha
Makhleb
Nemelex Xobeh
Okawaru
Qazlal
Ru
Sif Muna
Trog
Uskayaw
Vehumet
Wu Jian
Xom
Yredelemnul
Zin
The Shining One
Jiyva
Lugonu


Innate Abilities, Weirdness & Mutations

You have a pair of horns on your head.
You reflexively headbutt those who attack you in melee.


Message History

The yak is no longer distracted by gold.
The yak is lightly wounded.
You block the yak's attack.
You impale the yak!! You headbutt the yak.
The yak is severely wounded.
The yak gores you but does no damage. You block the yak's attack.
You impale the yak!!
You kill the yak!
The shadow strikes at you from the darkness!
Reactivating autopickup.
Your Fighting skill increases to level 12!
Your Dodging skill increases to level 7!
You hit the shadow. You headbutt the shadow!
The shadow is moderately damaged.
The shadow slips into darkness.
The shadow flickers and vanishes!
Deactivating autopickup; reactivate with Ctrl-A.
You hit something but do no damage. You headbutt something.
The shadow strikes at you from the darkness!
* * * LOW HITPOINT WARNING * * *
Reactivating autopickup.
The shadow closely misses you.
You hit the shadow.
You headbutt the shadow, but do no damage.
The shadow is severely damaged.
The shadow slips into darkness.
The shadow flickers and vanishes!
Deactivating autopickup; reactivate with Ctrl-A.
You barely miss something.
The shadow strikes at you from the darkness!
* * * LOW HITPOINT WARNING * * *
Reactivating autopickup.
The shadow slips into darkness.
The shadow flickers and vanishes!
Deactivating autopickup; reactivate with Ctrl-A.
Unknown command.
You barely miss something. Your headbutt misses something.
The shadow strikes at you from the darkness!
You die...
Your body crumbles into a pile of gold.

$
▓.▓
▓[▓
$
▓[▓
▓.▓
$
▓.▓
▓[▓
$
▓$▓
▓$▓
$
▓@▓
$
▓{▓
$ $
▓.▓
$
▓.▓
$
▓.▓
▓+▓


There were no monsters in sight!

Vanquished Creatures
  3 yaks (D)
  An orc warrior (D)
  2 scorpions (D)
  A wight (D)
  An iguana (D)
  A gnoll (D)
  An adder (D)
  A dart slug (D)
  A bat (D)
  2 endoplasms (D)
  A rat (D)
15 creatures vanquished.

Notes
Turn   | Place    | Note
-------+----------+-------------------------------------------
     0 | D        | 123456 the Minotaur Fighter began the quest for the Orb.
     0 | D        | Reached XP level 1. HP: 19/19 MP: 0/0
     5 | D        | Reached skill level 4 in Fighting
     8 | D        | Reached skill level 1 in Dodging
    17 | D        | Noticed a scorpion
    17 | D        | Noticed a scorpion
    17 | D        | Noticed an iguana
    34 | D        | Killed a scorpion
    35 | D        | Reached skill level 6 in Fighting
    35 | D        | Reached skill level 5 in Maces & Flails
    35 | D        | Reached skill level 5 in Armour
    35 | D        | Reached XP level 2. HP: 11/31 MP: 1/1
    35 | D        | Reached XP level 3. HP: 14/38 MP: 2/2
    37 | D        | Killed a scorpion
    38 | D        | Reached skill level 7 in Fighting
    38 | D        | Reached XP level 4. HP: 19/47 MP: 3/3
    42 | D        | Reached skill level 8 in Fighting
    42 | D        | Reached XP level 5. HP: 17/53 MP: 4/4
   170 | D        | Found a snail-covered altar of Cheibriados.
   170 | D        | Found a shadowy altar of Dithmenos.
   170 | D        | Found a white marble altar of Elyvilon.
   170 | D        | Found a blossoming altar of Fedhas.
   170 | D        | Found an opulent altar of Gozag.
   171 | D        | Found a hazy altar of Hepliaklqana.
   172 | D        | Found a viscous altar of Jiyva.
   173 | D        | Found an ancient bone altar of Kikubaaqudgha.
   174 | D        | Found a corrupted altar of Lugonu.
   175 | D        | Found a burning altar of Makhleb.
   176 | D        | Found a sparkling altar of Nemelex Xobeh.
   177 | D        | Found an iron altar of Okawaru.
   178 | D        | Became a worshipper of Gozag Ym Sagoz the Greedy
   181 | D        | Found a stormy altar of Qazlal.
   182 | D        | Found a sacrificial altar of Ru.
   183 | D        | Found a shimmering blue altar of Sif Muna.
   184 | D        | Found a bloodstained altar of Trog.
   185 | D        | Found a hide-covered altar of Uskayaw.
   186 | D        | Found a radiant altar of Vehumet.
   187 | D        | Found an ornate altar of the Wu Jian Council.
   188 | D        | Found a shimmering altar of Xom.
   189 | D        | Found a basalt altar of Yredelemnul.
   190 | D        | Found a glowing silver altar of Zin.
   191 | D        | Found a glowing golden altar of the Shining One.
   234 | D        | Noticed an orc warrior
   234 | D        | Noticed a yak
   234 | D        | Noticed a yak
   234 | D        | Noticed a yak
   234 | D        | Noticed a shadow
   245 | D        | Killed an orc warrior
   246 | D        | Reached skill level 9 in Fighting
   246 | D        | Reached skill level 5 in Dodging
   246 | D        | Reached XP level 6. HP: 44/66 MP: 5/5
   248 | D        | Killed a yak
   249 | D        | Reached skill level 10 in Fighting
   249 | D        | Reached skill level 10 in Maces & Flails
   251 | D        | Killed a yak
   252 | D        | Reached skill level 11 in Fighting
   252 | D        | Reached XP level 7. HP: 38/74 MP: 6/6
   256 | D        | Killed a yak
   257 | D        | Reached skill level 12 in Fighting
   261 | D        | Mangled by a shadow

Illustrated notes

Levels and vault maps discovered:
D:        linesprint [early_d, line_temple, items_1, d_10, items_2, lair_1,
          lair_end, items_3, orc_1, orc_end, items_4, d_15, swamp_1, shoals_1,
          snake_1, spider_1, d_20, vaults_1, items_5, swamp_end, shoals_end,
          snake_end, spider_end, vaults_end, d_27, items_6, zot_1, zot_end,
          crypt_end, forest_end, elf_end, slime_end, tomb_end, abyss_end,
          pan_hell_end]

Skill      XL: |  1  2  3  4  5  6  7 |
---------------+----------------------+-----
Fighting       | 6 7 8 9 11 12 | 12.0
Maces & Flails | 5 7 9 11 | 11.6
Dodging        | 3 4 5 6 7 |  7.2
Armour         | 5 6 7 8 |  8.8
Shields        | |  3.6

Action                     |  1- 3 |  4- 6 |  7- 9 || total
---------------------------+-------+-------+-------++-------
  Melee: Flail             |    27 |     4 |       ||    31
         Headbutt          |     8 |     2 |     4 ||    14
         Morningstar       |       |    16 |     8 ||    24
 Armour: Scale mail        |    11 |     1 |       ||    12
         Chain mail        |       |     2 |     1 ||     3
  Dodge: Dodged            |     9 |    16 |     1 ||    26
  Block: Buckler           |     8 |     4 |     2 ||    14

Table legend: (Time is in decaauts)
 A = Elapsed time spent in this place.
 B = Non-inter-level travel time spent in this place.
 C = Inter-level travel time spent in this place.
 D = Time resting spent in this place.
 E = Time spent auto-exploring this place.
 F = Levels seen in this place.
 G = Mean time per level.
                   A        B        C        D        E       F      G
               +--------+--------+--------+--------+--------+-----+--------+
         Total |    279 |    279 |      0 |    122 |      7 |   1 |  279.0 |
       Dungeon |    279 |    279 |      0 |    122 |      7 |   1 |  279.0 |
               +--------+--------+--------+--------+--------+-----+--------+

Top non-repeatable levels by time:
       D: 279 daAuts
